 Dungeon Crawl Stone Soup version 0.14-a0-953-g9e7f188 (webtiles) character file.

479 Psiweapon the Vexing (level 5, 0/33 HPs)
             Began as a Formicid Enchanter on Nov 20, 2013.
             Killed by divine providence
             ... invoked by an orc priest
              (11 damage)
             ... on Level 3 of the Dungeon.
             The game lasted 00:13:17 (2598 turns).

Psiweapon the Vexing (Formicid Enchanter)           Turns: 2598, Time: 00:13:18

HP   0/33        AC  4     Str 13      XL: 5   Next:  5%
MP   2/8         EV 12     Int 18      God:
Gold 394         SH  0     Dex 11      Spells:  2 memorised,  3 levels left

Res.Fire  : . . .   See Invis. : +   a - +1 dagger
Res.Cold  : . . .   Warding    : +   b - +1 robe
Life Prot.: + . .   Conserve   : .   (no shield)
Res.Poison: x       Res.Corr.  : .   (helmet unavailable)
Res.Elec. : .       Clarity    : .   (no cloak)
Sust.Abil.: . .     Spirit.Shd : .   (no gloves)
Res.Mut.  : .       Stasis     : +   (no boots)
Res.Rott. : .       Flight     : .   h - amulet of warding
Saprovore : . . .                    (no ring)
                                     x - +3 ring of intelligence

@: slightly resistant to hostile enchantments, stealthy
A: permanent stasis, dig shafts and tunnels, four strong arms, poison weakness,
antennae 3, exoskeleton 1
a: Dig, Shaft Self


You were on level 3 of the Dungeon.
You were very hungry.

You visited 1 branch of the dungeon, and saw 3 of its levels.

You collected 394 gold pieces.

Inventory:

Hand weapons
 a - a +1,+1 dagger (weapon)
 q - a +0,+0 scimitar
Missiles
 d - 10 darts (quivered)
Armour
 b - a +1 robe (worn)
Magical devices
 k - a wand of magic darts (5)
 l - a wand of magic darts (11)
Comestibles
 f - a bread ration
 i - a meat ration
Scrolls
 j - a scroll of blinking {unknown}
 m - a scroll of teleportation {unknown}
 o - a scroll of fear {unknown}
 r - 2 scrolls of remove curse {unknown}
 u - a scroll of curse weapon {unknown}
Jewellery
 h - an amulet of warding (around neck)
 x - a +3 ring of intelligence (left hand)
Potions
 e - a potion of slowing
 g - 2 potions of agility {unknown}
 n - a potion of speed {unknown}
 p - a potion of might {unknown}
Books
 c - a book of Maledictions

   Spells                             Type                      Level
   *Corona                            Hexes                        1
   Sure Blade                         Hexes/Charms                 2
   *Ensorcelled Hibernation           Hexes/Ice                    2
   Confuse                            Hexes                        3
   Enslavement                        Hexes                        4
   Invisibility                       Hexes                        6


   Skills:
 - Level 1.1 Short Blades
 - Level 1.1 Throwing
 - Level 2.0 Dodging
 + Level 3.9 Stealth
 - Level 1.0 Spellcasting
 + Level 4.4 Hexes
 + Level 1.7 Ice Magic


You had 3 spell levels left.
You knew the following spells:

 Your Spells              Type           Power        Failure   Level  Hunger
a - Corona                Hex            ###....      3%          1    ##.....
b - Ensorcelled Hibernat  Hex/Ice        ##....       12%         2    ###....


Dungeon Overview and Level Annotations

Branches:
Dungeon (3/16)

Altars:
Vehumet


Innate Abilities, Weirdness & Mutations

Your are under a permanent stasis effect.
You can dig through walls and to a lower floor.
Your four strong arms can wield any weapon, most with a shield.
You are susceptible to poison.
You have a pair of large antennae on your head (SInv).
Your body is surrounded by an exoskeleton. (HP +5, AC +1)


Message History

Press: ? - help, Shift-Dir - straight line, f/p - orc priest
Aim: an orc priest, wielding an orcish mace and wearing an orcish leather armour The orc priest looks drowsy...
The orc closely misses you.
The helpless orc priest fails to defend itself.
You slash the orc priest!
The orc priest is almost dead.
The orc priest's eyes start to glow.
The orc misses you.
You hit the orc priest but do no damage.
The orc priest is almost dead.
The orc priest closely misses you. The orc barely misses you.
You hit the orc priest but do no damage.
The orc priest is almost dead.
The orc priest hits you with an orcish mace.
You closely miss the orc priest.
The orc priest is almost dead.
The orc hits you but does no damage.
The orc priest mumbles some strange prayers to Beogh against you.
Something smites you!
You die...

#...##.............####
#......#._.#......##
#...##........#.### ##.
#...#...##.#
####.###.......##.#
#......%#########.#
#.##.##.#########.#
.....##.#.....(#
#.......@o...#
#....##.#o##.# #.#.
#.#.# .. ..#.# # ####.#
.. ##


You could see an orc priest and an orc.

Vanquished Creatures
  2 adders
  An ooze (D:2)
  A ball python (D:2)
  2 giant cockroaches (D:1)
  9 goblins
  8 hobgoblins
  9 jackals
  2 quokkas
  7 bats
  4 giant newts (D:1)
  7 kobolds
  9 rats
61 creatures vanquished.

Notes
Turn   | Place    | Note
--------------------------------------------------------------
     0 | D:1      | Psiweapon, the Formicid Enchanter, began the quest for the Orb.
     0 | D:1      | Reached XP level 1. HP: 15/15 MP: 3/3
    91 | D:1      | Reached skill level 1 in Throwing
   158 | D:1      | Reached XP level 2. HP: 20/20 MP: 1/4
   262 | D:1      | Learned a level 2 spell: Ensorcelled Hibernation
   634 | D:1      | Reached XP level 3. HP: 16/24 MP: 2/5
   789 | D:1      | Reached skill level 4 in Hexes
  1235 | D:1      | Reached skill level 1 in Ice Magic
  1433 | D:2      | Reached XP level 4. HP: 29/29 MP: 5/7
  2269 | D:3      | Found a radiant altar of Vehumet.
  2556 | D:3      | Reached XP level 5. HP: 33/33 MP: 5/8
  2598 | D:3      | Killed from afar by an orc priest

Action                   |  1- 3 |  4- 6 || total
-------------------------+-------+-------++-------
Melee: Dagger            |   131 |    99 ||   230
Throw: Dart              |     8 |       ||     8
 Cast: Corona            |     5 |       ||     5
       Ensorcelled Hiber |    15 |    19 ||    34
Evoke: Wand              |     1 |       ||     1
  Use: Scroll            |       |     2 ||     2
 Stab: Sleeping          |    13 |    14 ||    27
